 Dungeon Crawl Stone Soup version 0.30-a0-629-gd54f4be4f7 (webtiles) character file.

Game seed: 835165438781943741

2083 Mitcholas the Skirmisher (level 9, -8/52 HPs)
             Began as a Deep Elf Hunter on Jan 13, 2023.
             Was a Believer of Okawaru.
             Mangled by a manticore (9 damage)
             ... on level 6 of the Dungeon.
             The game lasted 00:12:01 (5338 turns).

Mitcholas the Skirmisher (Deep Elf Hunter)          Turns: 5338, Time: 00:12:01

Health: -8/52      AC:  6    Str:  8    XL:     9   Next: 6%
Magic:  22/22      EV: 16    Int: 15    God:    Okawaru [**....]
Gold:   290        SH:  0    Dex: 22    Spells: 8/8 levels left

rFire   . . .      SeeInvis .    a - +0 shortbow
rCold   . . .      Faith    .    (shield currently unavailable)
rNeg    . . .      Spirit   .    c - +0 leather armour
rPois   .          Reflect  .    s - +2 hat
rElec   .          Harm     .    t - +0 cloak
rCorr   .          Rampage  .    (no gloves)
Will    .....                    (no boots)
Stlth   +++                      (no amulet)
HPRegen 0.28/turn                g - ring of magical power
MPRegen 0.18/turn                (no ring)

@: studying Short Blades
A: no striking features
a: Renounce Religion, Heroism


You were on level 6 of the Dungeon.
You worshipped Okawaru.
Okawaru was pleased with you.
You visited 2 branches of the dungeon, and saw 7 of its levels.

You collected 290 gold pieces.

Inventory:

Hand Weapons
 a - a +0 shortbow (weapon)
Armour
 c - a +0 leather armour (worn)
 s - a +2 hat (worn)
 t - a +0 cloak (worn)
Jewellery
 d - a +6 ring of dexterity
 g - a ring of magical power (left hand)
 k - a +6 ring of strength
 v - an amulet of guardian spirit
 y - a ring of resist corrosion
Wands
 p - a wand of paralysis (9)
Scrolls
 b - a scroll of immolation
 f - a scroll of poison
 h - a scroll of torment {unknown}
 j - 3 scrolls of vulnerability {unknown}
 l - 2 scrolls of teleportation {unknown}
 n - a scroll of acquirement {unknown}
 q - 2 scrolls of enchant weapon {unknown}
 r - 2 scrolls of magic mapping
 u - 2 scrolls of noise {unknown}
Potions
 e - a potion of degeneration
 i - a potion of attraction
 m - 2 potions of brilliance
 o - 2 potions of might
 w - a potion of berserk rage
 x - 2 potions of curing
 z - a potion of flight {unknown}


   Skills:
 + Level 4.5 Fighting
 * Level 10.3 Ranged Weapons
 + Level 6.6 Dodging
 - Level 5.0 Stealth
 + Level 3.7 Invocations
 + Level 3.8 Evocations


You had 8 spell levels left.
You didn't know any spells.
Your spell library contained the following spells:

 Spells                   Type           Power      Damage    Failure   Level
 Freeze                   Ice            0%         1d3       36%         1
 Sublimation of Blood     Necr           0%         N/A       52%         2
 Frozen Ramparts          Ice            0%         1d1       75%         3
 Gell's Gravitas          Tloc           0%         N/A       75%         3
 Hailstorm                Conj/Ice       0%         3d3       75%         3
 Lesser Beckoning         Tloc           0%         N/A       75%         3
 Teleport Other           Tloc           0%         N/A       75%         3
 Petrify                  Tmut/Erth      0%         N/A       98%         4
 Irradiate                Conj/Tmut      0%         3d11      100%        5
 Summon Small Mammal      Summ           Unusable   N/A       N/A         1
 Call Canine Familiar     Summ           Unusable   N/A       N/A         3
 Summon Guardian Golem    Hex/Summ       Unusable   N/A       N/A         3

Dungeon Overview and Level Annotations

Branches:
Dungeon (6/15)             Temple (1/1) D:4

Altars:
Ashenzari
Cheibriados
Dithmenos
Elyvilon
Fedhas
Gozag
Hepliaklqana
Kikubaaqudgha
Nemelex Xobeh
Okawaru
Qazlal
Ru
Sif Muna
Trog
Wu Jian
Xom
Yredelemnul
Zin
The Shining One

Shops:
D:1 ?   D:6 (


Message History

You shoot an arrow. The arrow hits the manticore.
The manticore is severely wounded.
You shoot an arrow. The arrow barely misses the manticore.
You shoot an arrow.
The arrow hits the manticore but does no damage.
The manticore is severely wounded.
The manticore bites you. The manticore misses you.
The manticore claws you but does no damage.
Fire: a) +0 shortbow
Press: ? - help, Q - select action, (/) - cycle Shift-Dir - straight line, f/p - manticore
Aim: a manticore (severely wounded, 78% to hit)
You shoot an arrow. The arrow hits the manticore.
The manticore is severely wounded.
The manticore bites you. The manticore closely misses you.
The manticore claws you!
Fire: a) +0 shortbow
Press: ? - help, Q - select action, (/) - cycle Shift-Dir - straight line, f/p - manticore
Aim: a manticore (severely wounded, 78% to hit)
You shoot an arrow.
The arrow hits the manticore but does no damage.
The manticore is severely wounded.
The manticore bites you but does no damage.
The manticore barely misses you. x2; The manticore bites you!
* * * LOW HITPOINT WARNING * * *
The manticore misses you. The manticore claws you.
* * * LOW HITPOINT WARNING * * *
Aiming: Paralyse
Press: ? - help, Shift-Dir - straight line, f/p - manticore
Aim: a manticore (severely wounded, chance to affect: 41%)
The manticore resists with some effort.
You carefully extract the barbed spikes from your body.
The manticore bites you!
* * * LOW HITPOINT WARNING * * *
The manticore barely misses you. The manticore claws you.
* * * LOW HITPOINT WARNING * * *
Aiming: Paralyse
Press: ? - help, Shift-Dir - straight line, f/p - manticore
Aim: a manticore (severely wounded, chance to affect: 41%)
The manticore resists with some effort.
The manticore bites you!
You die...

##..##...#####
....##.)....# #..#
#...#.#..##.# #..
.........##.##.#..
..................
##....##.##+####.#
##..........# #.#
#..........# #H#
##.........###@#
#.............#
#.............#
#.........###.#
########### #.#
#.# #.# #.. #.#


You could see a manticore.

Vanquished Creatures
  Sigmund (D:3)
  3 water moccasins
  Duvessa (D:5)
  3 ice beasts
  An ogre (D:5)
  A phantom (D:5)
  A kobold brigand (D:6)
  Blork the orc (D:6)
  A gnoll sergeant (D:6)
  3 scorpions
  Dowan (D:5)
  4 jellies
  2 hounds
  A gnoll bouda (D:5)
  An orc priest (D:5)
  2 iguanas (D:5)
  An orc wizard (D:3)
  Robin (D:3)
  11 gnolls
  8 adders
  3 ufetubi
  3 worms (D:2)
  3 dart slugs
  7 orcs
  4 ball pythons
  7 endoplasms
  3 giant cockroaches
  11 goblins
  12 hobgoblins
  4 jackals (D:1)
  5 quokkas
  5 bats
  2 frilled lizards
  8 kobolds
  4 rats
129 creatures vanquished.

Notes
Turn   | Place    | Note
-------+----------+-------------------------------------------
     0 | D:1      | Mitcholas the Deep Elf Hunter began the quest for the Orb.
     0 | D:1      | Reached XP level 1. HP: 12/12 MP: 3/3
    93 | D:1      | Found Head's Magic Scroll Boutique.
   171 | D:1      | Reached XP level 2. HP: 17/17 MP: 4/4
   703 | D:1      | Found a faded altar of an unknown god.
   784 | D:2      | Found a snail-covered altar of Cheibriados.
   918 | D:2      | Reached XP level 3. HP: 14/21 MP: 5/5
  1086 | D:2      | You fall into a shaft and drop 2 floors!
  1733 | D:3      | Reached skill level 6 in Ranged Weapons
  1733 | D:3      | Reached XP level 4. HP: 26/26 MP: 6/6
  1924 | D:3      | Noticed Sigmund
  1941 | D:3      | Killed Sigmund
  1942 | D:3      | Reached XP level 5. HP: 30/32 MP: 7/7
  2066 | D:3      | Reached XP level 6. HP: 36/36 MP: 8/8
  2419 | D:4      | Noticed Robin
  2426 | D:4      | Noticed a water moccasin
  2430 | D:3      | Killed Robin
  2439 | D:3      | HP: 1/36 [goblin/+0 dagger[Robin] (5)]
  2810 | D:4      | Reached skill level 7 in Ranged Weapons
  2894 | D:4      | Killed a water moccasin
  3010 | D:4      | Found a staircase to the Ecumenical Temple.
  3025 | Temple   | Entered the Ecumenical Temple
  3088 | Temple   | Became a worshipper of Warmaster Okawaru
  3177 | D:4      | Reached XP level 7. HP: 41/41 MP: 9/9
  3351 | D:5      | Entered Level 5 of the Dungeon
  3387 | D:5      | Reached skill level 5 in Dodging
  3406 | D:5      | Reached skill level 8 in Ranged Weapons
  3406 | D:5      | Reached skill level 5 in Stealth
  3406 | D:5      | Reached skill level 1 in Invocations
  3406 | D:5      | Reached skill level 1 in Evocations
  3449 | D:5      | Noticed Duvessa
  3460 | D:4      | Reached * piety under Okawaru
  3758 | D:5      | Paralysed by a gnoll for 2 turns
  3887 | D:5      | Reached XP level 8. HP: 48/48 MP: 11/11
  4106 | D:5      | Killed Duvessa
  4107 | D:5      | Reached skill level 9 in Ranged Weapons
  4113 | D:5      | Noticed Dowan
  4121 | D:5      | Killed Dowan
  4504 | D:5      | Reached ** piety under Okawaru
  4891 | D:6      | Reached skill level 10 in Ranged Weapons
  5045 | D:6      | Found Wilaxumm's Weapon Shoppe.
  5052 | D:6      | Noticed Blork the orc
  5076 | D:6      | Killed Blork the orc
  5077 | D:6      | Reached XP level 9. HP: 8/52 MP: 13/13
  5326 | D:6      | Noticed a manticore
  5337 | D:6      | HP: 2/52 [manticore (10)]
  5338 | D:6      | Mangled by a manticore

Illustrated notes

Levels and vault maps discovered:
D:1:      giann_bridges, layout_basic, ebering_ecumenical_altar_rust,
          serial_aquarium, aquarium_bridge_square [aquarium_subvault_bridge,
          aquarium_subvault_balcony, aquarium_subvault_bridge,
          aquarium_subvault_wall], aquarium_window_fake, aquarium_window_fake,
          aquarium_view_2a, aquarium_pool_1, serial_shops, nicolae_shop_stone,
          minmay_unequal
D:2:      layout_basic, basic_altar, st_stairs_4
D:3:      layout_loops_ring, serial_glass, glass_columns_a, glass_columns_a,
          glass_columns_a, glass_columns_c, glass_columns_a, glass_columns_c,
          uniq_sigmund, uniq_crazy_yiuf_cottage
D:4:      layout_layer_cave, minmay_temple_entry_offerings,
          minmay_tree_intersection, uniq_robin
D:5:      layout_loops_ring, gup_sewer_entry_bubbles, minmay_diced_spiral,
          uniq_duvessa
D:6:      layout_basic, nicolae_overflow_hidden_temple, serial_shops, shop,
          doesnt_shop_hydraphobe, uniq_blork_the_orc
Temple:   hellmonk_temple_of_storms

Skill      XL: |  1  2  3  4  5  6  7  8 |
---------------+-------------------------+-----
Stealth        | 2 3 4 5 |  5.0
Fighting       | 2 3 4 |  4.5
Dodging        | 3 4 5 6 |  6.6
Ranged Weapons | 6 7 8 10 | 10.3
Invocations    | 2 3 |  3.7
Evocations     | 2 3 |  3.8

Action                   |  1- 3 |  4- 6 |  7- 9 || total
-------------------------+-------+-------+-------++-------
 Fire: Shortbow          |    97 |   133 |   314 ||   544
Evoke: Wand              |       |     3 |     7 ||    10
  Use: Scroll            |       |     3 |     4 ||     7
       Potion            |       |     3 |       ||     3
Armor: Leather armour    |    13 |    22 |    54 ||    89
Dodge: Dodged            |    33 |    54 |   167 ||   254

Table legend: (Time is in decaauts)
 A = Elapsed time spent in this place.
 B = Non-inter-level travel time spent in this place.
 C = Inter-level travel time spent in this place.
 D = Time resting spent in this place.
 E = Time spent auto-exploring this place.
 F = Levels seen in this place.
 G = Mean time per level.
                   A        B        C        D        E       F      G
               +--------+--------+--------+--------+--------+-----+--------+
         Total |   5452 |   5026 |    426 |    306 |   3698 |   7 |  778.9 |
       Dungeon |   5376 |   4962 |    414 |    306 |   3680 |   6 |  896.0 |
        Temple |     76 |     64 |     12 |      0 |     18 |   1 |   76.0 |
               +--------+--------+--------+--------+--------+-----+--------+

Top non-repeatable levels by time:
     D:5: 1408 daAuts
     D:4: 991 daAuts
     D:1: 854 daAuts
     D:2: 831 daAuts
     D:3: 792 daAuts
     D:6: 498 daAuts
  Temple: 76 daAuts
